Map: Romanticide LE

Players

DPGCure (Cure) - Winner!

  • Race: Terran Terran
  • League: Master

DPGZest (Zest)

  • Race: Protoss Protoss

Event: TSL 7

VOD

Have the link to the VOD?

Description

Time

  • Played on: June 27, 2021, 11:20 a.m.
  • Length: 11:12

All games in this series

Show
View Real Time Build Order
Export as new Build Order

DPGCure Terran - Winner!

Build Orders:  

Get SALT Encoding   

  12  0:00  SCV  
  13  0:12  SCV  
  14  0:16  Supply Depot  
  14  0:24  SCV  
  14  0:28  Refinery  
  15  0:38  SCV  
  16  0:43  Barracks  
  16  0:50  SCV  
  17  1:02  SCV  
  18  1:14  SCV  
  19  1:30  Orbital Command, Marine  
  20  1:32  Factory  
  20  1:45  Supply Depot  
  20  1:49  Barracks Reactor  
  20  1:56  SCV  
  21  2:08  SCV  
  22  2:09  Command Center  
  22  2:20  SCV  
  22  2:21  Supply Depot  
  23  2:29  Hellion x2  
  27  2:32  SCV  
  28  2:39  Starport  
  28  2:44  SCV  
  28  2:47  Refinery  
  29  2:53  Widow Mine  
  29  2:54  Widow Mine  
  29  2:57  SCV  
  34  3:03  Marine  
  35  3:09  SCV  
  36  3:18  Medivac  
  38  3:20  Marine  
  38  3:22  Orbital Command  
  38  3:23  SCV  
  40  3:27  Widow Mine  
  40  3:28  Widow Mine  
  40  3:33  Supply Depot  
  44  3:35  SCV  
  45  3:47  SCV  
  45  3:48  SCV  
  47  3:52  Starport Tech Lab  
  47  3:55  Bunker, Marine x2  
  48  3:57  Factory Tech Lab  
  49  4:03  SCV x2  
  49  4:05  Supply Depot  
  51  4:14  Supply Depot  
  51  4:15  SCV x2  
  51  4:16  Barracks  
  53  4:23  Marine x2  
  55  4:25  Siege Tank  
  52  4:32  SCV x2  
  50  4:40  Marine  
  50  4:41  Marine  
  51  4:45  SCV x2  
  51  4:47  Barracks  
  51  4:50  Starport Reactor, Engineering Bay  
  52  4:57  SCV  
  52  4:58  SCV, Marine x2  
  56  5:09  Factory Reactor  
  56  5:10  SCV x2, Marine, Stimpack  
  59  5:16  Marine x2  
  59  5:17  Refinery, Terran Infantry Weapons Level 1, Supply Depot  
  61  5:22  Missile Turret  
  61  5:23  Missile Turret  
  61  5:25  Missile Turret  
  59  5:28  SCV x2, Marine  
  62  5:36  Refinery  
  62  5:41  Supply Depot  
  62  5:42  Marine x3, Combat Shield  
  62  5:43  Medivac  
  62  5:46  Marine  
  62  5:47  Medivac  
  62  5:49  SCV x2  
  72  5:51  Supply Depot  
  72  5:54  Widow Mine x2  
  76  6:02  SCV x2  
  76  6:05  Marine x4  
  80  6:14  SCV x2  
  80  6:17  Supply Depot  
  82  6:20  Command Center  
  82  6:23  Marine x3  
  82  6:25  Medivac  
  87  6:29  Medivac  
  87  6:31  Widow Mine  
  91  6:33  Marine  
  91  6:34  Widow Mine  
  91  6:46  Barracks, Marine x2  
  91  6:47  Marine  
  93  6:48  Barracks  
  93  6:54  SCV  
  93  6:55  SCV  
  93  7:04  Marine x2  
  93  7:05  Widow Mine, Marine x2, Medivac  
  93  7:06  Widow Mine  
  100  7:13  SCV x2  
  92  7:22  Marine x2  
  88  7:23  Marauder x2  
  88  7:24  Terran Infantry Armor Level 1  
  88  7:27  Medivac  
  96  7:33  Widow Mine  
  96  7:35  Medivac  
  97  7:38  Barracks Tech Lab  
  97  7:39  Barracks Reactor  
  97  7:40  SCV x2, Orbital Command  
  99  7:45  Widow Mine  
  99  7:48  Armory  
  99  7:49  Engineering Bay  
  101  7:54  Marine  
  101  7:55  Marauder x2  
  101  7:58  Orbital Command, Marauder  
  104  8:02  Widow Mine  
  107  8:05  SCV x2  
  107  8:06  Widow Mine  
  107  8:12  Missile Turret  
  110  8:15  Supply Depot  
  110  8:18  Marauder x2  
  114  8:22  Marauder  
  114  8:23  Concussive Shells  
  114  8:26  Marine x3  
  119  8:28  Widow Mine  
  119  8:31  Widow Mine  
  123  8:35  Supply Depot x2  
  123  8:36  Terran Infantry Weapons Level 2  
  121  8:45  Marauder x2  
  121  8:46  Marauder, Marine x3  
  130  8:48  Marine  
  130  8:50  SCV x2  
  130  8:53  SCV  
  132  9:02  Widow Mine x2  
  135  9:06  Marine x4  
  135  9:07  Marauder x3, Medivac  
  135  9:08  Medivac  
  135  9:09  Supply Depot  
  149  9:10  Supply Depot  
  149  9:16  Refinery x2, Supply Depot  
  149  9:31  SCV x3, Marine x3  
  150  9:39  Marine x2  
  150  9:40  Marauder x2  
  150  9:42  Widow Mine  
  156  9:48  Marine x2  
  151  9:58  Marauder  
  138  10:00  Marine x2  
  138  10:01  Marauder x2  
  138  10:03  Widow Mine  
  138  10:04  SCV x3  
  138  10:06  Marine x2  
  147  10:18  Marine x2, Medivac  
  147  10:19  Widow Mine, Marauder  
  155  10:22  Marauder x2  
  155  10:24  Marine x2  
  155  10:27  Widow Mine  
  151  10:36  Marine x2  
  151  10:40  Widow Mine, Marauder  
  151  10:42  Marine  
  140  10:44  Marauder x2, Marine  
  137  10:58  Ghost Academy  
Show
View Real Time Build Order
Export as new Build Order

DPGZest Protoss 

Build Orders: 1 Gate Expand, Phoenix Opening, Zealot Archon 

Get SALT Encoding   

  12  0:00  Probe  
  13  0:12  Probe  
  14  0:17  Pylon  
  14  0:24  Probe (Chrono Boost)  
  15  0:36  Probe (Chrono Boost), Gateway  
  16  0:44  Probe (Chrono Boost)  
  16  0:45  Assimilator  
  17  0:51  Probe  
  18  1:03  Probe  
  19  1:15  Probe  
  20  1:23  Cybernetics Core  
  20  1:33  Nexus  
  20  1:37  Probe  
  21  1:45  Pylon  
  21  1:49  Probe (Chrono Boost)  
  21  1:51  Assimilator  
  23  2:01  Probe (Chrono Boost)  
  23  2:08  Probe (Chrono Boost), Stargate  
  24  2:15  Probe  
  24  2:17  Adept  
  27  2:25  Warp Gate  
  27  2:27  Probe  
  28  2:32  Pylon  
  28  2:39  Probe  
  29  2:45  Probe, Adept (Chrono Boost)  
  29  2:50  Phoenix (Chrono Boost)  
  34  2:54  Probe  
  34  2:57  Probe  
  36  3:06  Probe, Phoenix (Chrono Boost)  
  36  3:09  Probe  
  40  3:13  Adept  
  40  3:18  Probe  
  43  3:22  Probe  
  43  3:23  Pylon  
  44  3:28  Phoenix (Chrono Boost)  
  44  3:33  Probe  
  44  3:34  Probe  
  48  3:39  Pylon  
  48  3:50  Probe x2, Phoenix (Chrono Boost)  
  52  3:59  Gateway  
  52  4:01  Forge  
  52  4:05  Probe x2  
  52  4:07  Phoenix (Chrono Boost)  
  56  4:12  Pylon  
  56  4:15  Assimilator  
  56  4:18  Assimilator  
  56  4:30  Phoenix  
  56  4:31  Probe  
  52  4:40  Probe  
  52  4:45  Probe (Chrono Boost)  
  55  4:57  Probe (Chrono Boost)  
  55  4:58  Probe (Chrono Boost)  
  56  5:00  Twilight Council  
  56  5:01  Nexus  
  56  5:04  Probe (Chrono Boost)  
  56  5:06  Probe (Chrono Boost)  
  58  5:07  Pylon  
  58  5:11  Phoenix  
  58  5:12  Protoss Ground Weapons Level 1 (Chrono Boost)  
  58  5:13  Probe (Chrono Boost)  
  61  5:17  Probe (Chrono Boost)  
  62  5:27  Photon Cannon  
  62  5:28  Probe (Chrono Boost)  
  64  5:29  Probe (Chrono Boost)  
  64  5:32  Probe (Chrono Boost)  
  64  5:34  Charge (Chrono Boost)  
  65  5:36  Probe  
  65  5:38  Gateway  
  66  5:43  Probe  
  66  5:48  Probe  
  66  5:49  Gateway, Robotics Facility  
  68  5:51  Gateway  
  68  5:56  Gateway  
  69  5:57  Probe  
  69  6:03  Probe  
  70  6:09  Probe  
  70  6:11  Pylon  
  71  6:14  Templar Archives, Gateway  
  71  6:19  Gateway  
  71  6:22  Sentry  
  73  6:35  Immortal (Chrono Boost)  
  73  6:36  Zealot  
  73  6:37  Zealot  
  79  6:46  Pylon  
  79  6:48  Pylon  
  79  6:52  Zealot  
  79  6:53  Zealot x3  
  87  7:00  Zealot x2  
  73  7:21  High Templar x4, Sentry  
  73  7:22  Zealot x3  
  89  7:25  Archon x2  
  89  7:26  Observer  
  89  7:27  Probe  
  89  7:28  Probe x2  
  93  7:31  Pylon  
  93  7:36  Observer  
  93  7:38  Phoenix (Chrono Boost)  
  93  7:40  Protoss Ground Armor Level 1 (Chrono Boost)  
  93  7:41  Probe x2, Pylon  
  97  7:45  Zealot x4  
  97  7:46  Probe  
  97  7:48  Pylon  
  106  8:00  Photon Cannon  
  106  8:02  Photon Cannon, Phoenix (Chrono Boost), Immortal  
  108  8:11  Probe x2  
  114  8:13  Assimilator x2  
  114  8:20  Blink  
  114  8:22  Robotics Bay  
  114  8:23  Probe x2, Pylon  
  114  8:24  Probe  
  114  8:26  Pylon  
  115  8:35  Probe  
  115  8:36  Probe  
  117  8:42  Robotics Facility  
  117  8:45  Probe  
  117  8:48  Probe, Observer  
  120  8:50  Pylon  
  120  8:59  Colossus (Chrono Boost)  
  120  9:01  Probe  
  123  9:06  Gateway x2  
  123  9:09  Extended Thermal Lance  
  127  9:18  Shield Battery  
  127  9:23  Sentry  
  127  9:24  Zealot x5, Sentry  
  129  9:48  Zealot, Stalker x7  
  107  10:03  Colossus (Chrono Boost)  
  114  10:09  Observer (Chrono Boost)  
  114  10:10  Zealot  
  114  10:11  Zealot x9  
  134  10:20  Pylon  
  112  10:29  Probe x2  
  112  10:32  Stalker x3  
  110  10:35  Zealot x2  
  110  10:37  Zealot  
  110  10:40  Zealot  
Tags
 
Add a new tag
Caveats
  • Supply blocks, unpowered buildings, or Contaminate may cause inaccurate times.
  • Supply counts are checked every 10 seconds.